 Dungeon Crawl Stone Soup version 0.20.1-1-g8b1a95d (webtiles) character file.

387531 troglodite the Peltast (level 22, -3/196 HPs)
             Began as a Demonspawn Berserker on Dec 5, 2017.
             Was the Champion of Trog.
             Slain by Mennas
             ... wielding a +3 sacred scourge of holy wrath
              (18 damage)
             ... on level 5 of the Vaults on Dec 6, 2017.
             The game lasted 05:16:51 (57706 turns).

troglodite the Peltast (Demonspawn Berserker)      Turns: 57706, Time: 05:16:52

Health: -3/196     AC: 39    Str: 26    XL:     22   Next: 3%
Magic:  33/33      EV: 22    Int:  5    God:    Trog [******]
Gold:   3920       SH: 22    Dex: 25    Spells: 21/21 levels left

rFire    + . .     SeeInvis +   z - +9 sword of Zonguldrok {reap}
rCold    + + +     Gourm    .   l - +5 shield {reflect}
rNeg     . . .     Faith    .   D - +7 scale mail of Weightlessness {rElec rC+ Regen+}
rPois    .         Spirit   .   h - +2 helmet
rElec    +         Reflect  +   f - +2 cloak {MR+}
rCorr    .         Harm     .   t - +2 pair of gloves
MR       ++++.                  (boots unavailable)
Stlth    +.........             b - amulet of regeneration
Regen    1.3/turn               u - ring of Nusan {rF+ Str+8 Int-3 Dex+6}
MPRegen  0.3/turn               x - ring "Hijozam" {rC+++ MR+ MP+9 Str-2 SInv}

@: sanguine armour, berserk cooldown, very slightly contaminated, slowed,
glowing, silenced, heavily drained, very slow
A: talons 3, demonic guardian 2, dopey 1, foul stench 2, high mp 1, magic
resistance 1, robust 1, rot immunity, MP-powered wands, sanguine armour 3
}: 2/15 runes: decaying, serpentine
a: Renounce Religion


You were on level 5 of the Vaults.
You worshipped Trog.
Trog was exalted by your worship.
You were near starving.

You visited 7 branches of the dungeon, and saw 37 of its levels.
You also visited: Bailey, Ice Cave and Wizlab.

You collected 4591 gold pieces.
You spent 671 gold pieces at shops.

Inventory:

Hand Weapons
 z - the +9 sword of Zonguldrok (weapon) {reap}
   (You found it in a wizard's laboratory)

   If a monster killed with it leaves a corpse in good enough shape, the corpse
   will be animated as a zombie friendly to the killer.
 L - a +9 long sword of draining
 S - a +4 scimitar of flaming
Armour
 f - a +2 cloak of magic resistance (worn)
 h - a +2 helmet (worn)
 l - a +5 shield of reflection (worn)
 t - a +2 pair of gloves (worn)
 D - the +7 scale mail of Weightlessness (worn) {rElec rC+ Regen+}
   (You found it on level 4 of the Lair of Beasts)

   It protects you from cold.
   It insulates you from electricity.
   It increases your rate of regeneration.
 X - a +2 pair of boots
Jewellery
 b - an amulet of regeneration (around neck)
 u - the ring of Nusan (left hand) {rF+ Str+8 Int-3 Dex+6}
   (You acquired it on level 4 of the Lair of Beasts)

   [ring of protection from fire]

   It affects your strength (+8).
   It affects your intelligence (-3).
   It affects your dexterity (+6).
   It protects you from fire.
 x - the ring "Hijozam" (right hand) {rC+++ MR+ MP+9 Str-2 SInv}
   (You acquired it on level 13 of the Dungeon)

   [ring of magical power]

   It affects your strength (-2).
   It renders you almost immune to cold.
   It affects your resistance to hostile enchantments.
   It affects your magic capacity (+9).
   It lets you see invisible.
Wands
 w - a wand of digging (3/24)
 A - a wand of digging (7/24)
 H - a wand of iceblast (3/15)
 O - a wand of digging (14/24)
Scrolls
 a - 6 scrolls of identify
 m - 12 scrolls of remove curse
 s - 16 scrolls of teleportation
 y - 2 scrolls of summoning
 E - 4 scrolls of magic mapping
 F - 2 scrolls of fear
 M - 9 scrolls of recharging
 N - 4 scrolls of fog
Potions
 d - 2 potions of berserk rage
 e - 6 potions of haste
 j - 2 potions of cancellation
 n - 4 potions of magic
 o - 6 potions of brilliance
 q - a potion of ambrosia
 v - 7 potions of might
 B - 12 potions of lignification
 C - a potion of heal wounds
 G - a potion of resistance
 I - 11 potions of curing
 R - 4 potions of agility
 U - a potion of invisibility
 W - 5 potions of flight
Comestibles
 c - 16 bread rations
 i - 27 fruits
 J - 10 meat rations


   Skills:
 * Level 16.3(14.8) Fighting
   Level 3.6(9.3) Short Blades
 + Level 15.0(13.6) Long Blades
 * Level 14.4(12.9) Armour
 * Level 14.1(12.7) Dodging
 + Level 6.5(5.2) Stealth
 * Level 20.3(18.6) Shields


You had 21 spell levels left.
You didn't know any spells.

Dungeon Overview and Level Annotations

Branches:
Dungeon (15/15)            Temple (0/1) D:7            Lair (6/6) D:9
  Swamp (4/4) Lair:2        Snake (4/4) Lair:3        Slime (1/5) Lair:5
    Orc (2/2) D:10            Elf (0/3) Orc:2        Vaults (5/5) D:14
  Crypt (0/3) Vaults:3     Depths (0/5) D:15

Altars:
Fedhas
Hepliaklqana
Ru
Xom

Shops:
D:8 (   D:15 *   Orc:2 [:(**   Vaults:4 (

Portals:
Trove: D:12 (give 9 potions of agility)

Annotations:
Vaults:5 Jorgrun, Mennas, Saint Roka


Innate Abilities, Weirdness & Mutations

You have claws for feet.
A demonic guardian rushes to your aid.
You frequently emit foul miasma when damaged in melee.
You are robust. (+10% HP)
You are immune to rotting.
When seriously injured, your bleeding wounds create very thick armour. (AC +12)
You are dopey. (Int -2)
You have an increased reservoir of magic. (+10% MP)
You are resistant to hostile enchantments. (MR+)
You expend magic power (3 MP) to strengthen your wands.


Message History

Okay, then.
You feel much better. You block Mennas's attack.
Mennas hits you with a sacred scourge of holy wrath.
* * * LOW HITPOINT WARNING * * *
You convulse.
* * * LOW HITPOINT WARNING * * *
You emit a cloud of foul miasma!
Mennas hits you with a sacred scourge of holy wrath.
* * * LOW HITPOINT WARNING * * *
You convulse.
* * * LOW HITPOINT WARNING * * *
You block Mennas's attack. The stone giant misses you.
The tentacled monstrosity closely misses you.
You riposte.
You slice the tentacled monstrosity!! You claw the tentacled monstrosity!
The tentacled monstrosity is moderately wounded.
The tentacled monstrosity tentacle-slaps you but does no damage. x2
The tentacled monstrosity completely misses you.
Mennas hits you with a sacred scourge of holy wrath!
You die...

#########################
....)[oC@A...............
.....))Xo.(..........?.ยง.
......)##################
....... ... #....#. ...
.....#. ..# #... #. #...
#.


You could see Saint Roka, Mennas, a tentacled monstrosity, a stone giant and an
orc warrior.

Vanquished Creatures
  An ancient lich (WizLab)
  Bai Suzhen (Snake:3)
  the Lernaean hydra (Swamp:4)
  The ghost of Haldmier the Brawler, an adept NaTm of Cheibriados (D:15)
  A shadow dragon (Vaults:3)
  Donald (Vaults:1)
  A storm dragon (Vaults:3)
  Agnes (Snake:3)
  A tengu reaver (Vaults:4)
  9 nagarajas
  6 vault wardens
  An azure jelly (Slime:1)
  2 fire giants (Vaults:4)
  An orc warlord (Orc:1)
  2 frost giants
  Louise (Swamp:2)
  8 ironheart preservers
  2 very ugly things
  7 stone giants
  A war gargoyle (Vaults:5)
  2 entropy weavers
  3 deep elf annihilators (Vaults:1)
  4 ettins
  A deep elf death mage (Vaults:1)
  4 yaktaur captains
  Erolcha (D:9)
  3 fire dragons
  23 naga warriors
  27 vault guards
  22 hydras
  9 ice dragons
  2 great orbs of eyes
  A rakshasa (Vaults:1)
  A ghost crab (Swamp:4)
  A catoblepas (shapeshifter) (Vaults:1)
  13 centaur warriors
  A two-headed ogre (shapeshifter) (D:11)
  An alligator (shapeshifter) (Vaults:3)
  11 anacondas
  30 two-headed ogres
  A deep troll earth mage (Vaults:2)
  2 death knights
  7 ogre magi
  A deep troll shaman (Vaults:2)
  10 alligators
  2 death yaks (IceCv)
  4 orc high priests (Orc:2)
  10 shock serpents
  A hell knight (Vaults:4)
  16 naga sharpshooters
  7 deep elf knights
  A shadow wraith (Vaults:4)
  10 skeletal warriors
  5 salamander mystics
  A deep troll (Vaults:2)
  4 spriggan druids
  4 naga ritualists
  2 flayed ghosts
  8 swamp dragons
  2 glowing orange brains (Vaults:3)
  5 deep elf archers
  4 unseen horrors
  13 ironbrand convokers
  8 wizards
  4 shambling mangroves
  3 lindwurms (Lair:3)
  A mana viper (shapeshifter) (D:11)
  2 phantasmal warriors
  12 orc knights
  2 oklob plants
  2 necromancers (Vaults:4)
  A wolf spider zombie (D:15)
  15 deep elf magi
  3 harpies (Vaults:1)
  2 orc sorcerers
  30 ugly things
  8 mana vipers
  A shining eye (shapeshifter) (Vaults:1)
  3 manticores
  14 elephants
  6 salamanders
  4 cyclopes
  A frost giant skeleton (Vaults:4)
  A moth of wrath (shapeshifter) (D:15)
  2 centaur zombies
  19 naga magi
  33 black mambas
  11 guardian serpents
  2 molten gargoyles (D:14)
  An ice statue (IceCv)
  15 vault sentinels
  2 gargoyles (D:14)
  A human zombie (Vaults:4)
  20 spiny frogs
  A rime drake (shapeshifter) (Vaults:4)
  3 rime drakes
  4 komodo dragons
  An efreet (D:13)
  17 yaktaurs
  3 kobold demonologists
  4 freezing wraiths
  A tengu conjurer (D:14)
  A yaktaur (shapeshifter) (D:15)
  A yaktaur skeleton (Vaults:4)
  A queen bee (shapeshifter) (Vaults:1)
  13 trolls
  A jumping spider (shapeshifter) (Vaults:3)
  7 tyrant leeches
  18 polar bears
  23 hornets
  8 bog bodies
  The ghost of Marthos the Magician, an amateur DsWz (D:4)
  5 hippogriffs
  A dream sheep (Lair:6)
  29 slime creatures
  15 blink frogs
  23 spriggans
  4 vampires (WizLab)
  3 shadows
  2 redbacks
  A tarantella (Vaults:2)
  A centaur simulacrum (D:14)
  43 yaks
  A yak (shapeshifter) (Vaults:3)
  2 wraiths (D:14)
  2 hungry ghosts (D:12)
  A human (D:14)
  A human (shapeshifter) (Vaults:3)
  A wyvern (D:10)
  3 fire elementals (D:12)
  Grum (D:8)
  A basilisk (shapeshifter) (D:11)
  9 basilisks
  3 human simulacra
  19 vampire mosquitoes
  24 swamp worms
  74 nagas
  9 insubstantial wisps
  5 two-headed ogre zombies (WizLab)
  10 wargs
  2 hell hounds (D:12)
  3 acid dragons
  14 water moccasins
  10 porcupines
  18 swamp drakes
  A hornet zombie (D:11)
  4 eyes of draining
  A sky beast (D:11)
  9 ice beasts
  An eye of draining (shapeshifter) (Vaults:3)
  A phantom (D:4)
  5 black bears
  52 orc warriors
  22 ogres
  46 wolves
  6 boggarts
  24 centaurs
  3 big kobolds
  6 crocodiles
  3 gnoll sergeants
  16 bullfrogs
  2 human skeletons (Vaults:4)
  3 scorpions
  A wyvern skeleton (D:13)
  6 troll zombies (WizLab)
  9 killer bees
  23 wights
  3 electric eels
  5 howler monkeys (D:11)
  4 lava snakes (D:14)
  7 crimson imps
  2 quasits
  4 hounds
  28 orc priests
  A bullfrog skeleton (D:4)
  7 jellies
  3 centaur skeletons
  38 orc wizards
  4 iguanas
  11 worker ants
  A killer bee zombie (D:10)
  5 ogre zombies (WizLab)
  A worker ant zombie (D:8)
  14 gnolls
  3 howler monkey skeletons
  11 adders
  3 shadow imps
  12 white imps (Orc:2)
  2 oozes
  2 adder zombies (D:5)
  2 worms
  2 dart slugs
  3 leopard geckos
  121 orcs
  8 bats
  9 giant cockroaches
  6 goblins
  6 hobgoblins
  14 jackals
  31 kobolds
  4 quokkas
  A ball python (D:2)
  3 frilled lizards
  A quokka skeleton (D:10)
  7 rats
  A bush (Lair:6)
  2 fungi
  A plant (Lair:6)
1643 creatures vanquished.

Vanquished Creatures (collateral kills)
  Vashnia (Snake:3)
  A tentacled monstrosity (Swamp:4)
  An acid blob (Slime:1)
  A sphinx (Vaults:4)
  A shadow dragon (Vaults:5)
  A thorn hunter (Swamp:4)
  An ancient champion (WizLab)
  A nagaraja (Snake:4)
  An azure jelly (Slime:1)
  The ghost of othur the Bludgeoner, a journeyman GrBe of Trog (D:15)
  A very ugly thing (Swamp:2)
  4 ironheart preservers
  2 stone giants
  Azrael (D:12)
  A deep elf death mage (Vaults:1)
  3 ogre magi
  2 hydras
  6 vault guards (Vaults:4)
  2 centaur warriors (D:13)
  An anaconda (Snake:3)
  A catoblepas (Lair:6)
  5 two-headed ogres
  An orc high priest (Orc:2)
  A shock serpent (Snake:4)
  A tengu warrior (D:13)
  3 naga sharpshooters
  2 deep elf knights
  A hell knight (Vaults:5)
  A deep troll (Vaults:2)
  A spriggan druid (Swamp:3)
  2 skeletal warriors (WizLab)
  3 naga ritualists
  A wizard (Vaults:2)
  A lindwurm (Lair:3)
  A swamp dragon (Swamp:4)
  4 orc knights
  2 ironbrand convokers (Vaults:4)
  4 deep elf magi
  3 deep elf archers
  2 mana vipers (Snake:3)
  A harpy (Vaults:1)
  An ugly thing (Vaults:3)
  An orc sorcerer (Orc:2)
  2 human skeletons (Vaults:4)
  A fire giant skeleton (Vaults:4)
  10 elephants
  A salamander (Snake:4)
  2 guardian serpents
  6 black mambas
  A gargoyle (D:11)
  2 spiny frogs
  A centaur skeleton (D:12)
  A freezing wraith (D:15)
  A yaktaur (Vaults:4)
  3 tyrant leeches
  2 trolls
  A hornet (Vaults:4)
  A slime creature (D:12)
  A hornet (shapeshifter) (D:13)
  A hippogriff (shapeshifter) (Vaults:4)
  A hippogriff (D:15)
  A snapping turtle (shapeshifter) (Vaults:5)
  2 spriggans
  7 yaks
  A hungry ghost (D:13)
  A vampire mosquito (Swamp:4)
  A warg (D:9)
  A swamp worm (Swamp:2)
  2 water moccasins (Lair:3)
  6 nagas
  An acid dragon (Vaults:2)
  2 swamp drakes
  A black bear (Lair:6)
  6 orc warriors
  A wolf (Lair:6)
  7 ogres
  5 boggarts
  7 centaurs
  2 crocodiles
  A bullfrog (D:6)
  4 wights (D:13)
  A bullfrog zombie (D:5)
  A hound (D:13)
  10 orc priests
  2 orc wizards (Orc:2)
  A shadow imp (D:7)
  23 orcs
  A goblin (D:14)
212 creatures vanquished.

Vanquished Creatures (others)
  An ironheart preserver (Vaults:1)
  An ice dragon (Vaults:1)
  A centaur warrior (Vaults:4)
  An alligator (Swamp:1)
  3 naga sharpshooters
  A spriggan druid (Swamp:4)
  A deep elf archer (Vaults:1)
  A necromancer (Vaults:5)
  An orc knight (Vaults:4)
  A black mamba (Snake:3)
  A naga mage (Lair:3)
  A centaur skeleton (D:14)
  5 yaktaurs
  A spriggan (Swamp:2)
  An orc warrior (Vaults:2)
  An eye of draining (D:13)
  A boggart (Vaults:2)
  5 centaurs
  A bullfrog zombie (D:13)
  An orc (Vaults:4)
  2 kobolds (D:14)
  4 fungi (Lair:6)
  6 plants
42 creatures vanquished.

Grand Total: 1897 creatures vanquished

Notes
Turn   | Place    | Note
-------+----------+-------------------------------------------
     0 | D:1      | troglodite the Demonspawn Berserker began the quest for the Orb.
     0 | D:1      | Reached XP level 1. HP: 18/18 MP: 1/1
    50 | D:1      | Gained mutation: When seriously injured, your bleeding wounds create armour. (AC +12) [demonic ancestry]
    50 | D:1      | Reached XP level 2. HP: 21/24 MP: 2/2
   246 | D:1      | Gained mutation: You are immune to rotting. [demonic ancestry]
   246 | D:1      | Reached XP level 3. HP: 7/29 MP: 3/3
   678 | D:1      | Reached ** piety under Trog
  1596 | D:2      | Reached XP level 4. HP: 37/37 MP: 4/4
  2496 | D:3      | Reached XP level 5. HP: 40/42 MP: 5/5
  2632 | D:3      | Reached *** piety under Trog
  3185 | D:4      | Noticed Marthos's ghost (amateur DsWz)
  3198 | D:4      | Killed Marthos's ghost
  3198 | D:4      | Reached skill level 1 in Short Blades
  3198 | D:4      | Gained mutation: A weak demonic guardian rushes to your aid. [demonic ancestry]
  3198 | D:4      | Reached XP level 6. HP: 49/49 MP: 6/6
  3239 | D:4      | Found a blossoming altar of Fedhas.
  3687 | D:4      | Reached XP level 7. HP: 47/55 MP: 7/7
  4029 | D:5      | Entered Level 5 of the Dungeon
  4504 | D:5      | Reached skill level 5 in Fighting
  4504 | D:5      | Reached skill level 5 in Armour
  4919 | D:6      | Reached skill level 1 in Shields
  4919 | D:6      | Gained mutation: When seriously injured, your bleeding wounds create thick armour. (AC +12) [demonic ancestry]
  4919 | D:6      | Reached XP level 8. HP: 62/62 MP: 8/8
  5304 | D:6      | Reached skill level 2 in Shields
  5434 | D:6      | Got a pearl-studded leather armour
  5972 | D:7      | Identified the +2 leather armour "Juodor" {rElec rC+ Str+4 Int+4} (You found it on level 6 of the Dungeon)
  6005 | D:7      | Reached skill level 1 in Stealth
  6079 | D:7      | Reached skill level 3 in Shields
  6311 | D:7      | Reached **** piety under Trog
  6354 | D:7      | Found a shimmering altar of Xom.
  6372 | D:7      | Noticed a hippogriff
  6379 | D:7      | Killed a hippogriff
  6379 | D:7      | Reached skill level 4 in Shields
  6379 | D:7      | Reached XP level 9. HP: 68/68 MP: 9/9
  6430 | D:7      | Found a staircase to the Ecumenical Temple.
  6485 | D:7      | Found a sacrificial altar of Ru.
  6982 | D:8      | Noticed Grum
  6989 | D:8      | Killed Grum
  6989 | D:8      | Reached skill level 5 in Dodging
  7176 | D:8      | Noticed a two-headed ogre
  7182 | D:8      | Killed a two-headed ogre
  7182 | D:8      | Reached skill level 5 in Shields
  7233 | D:8      | Reached skill level 5 in Long Blades
  7321 | D:8      | Found Boif's Antique Weapon Boutique.
  7645 | D:9      | Noticed Erolcha
  7651 | D:9      | Killed Erolcha
  7651 | D:9      | Gained mutation: When seriously injured, your bleeding wounds create very thick armour. (AC +12) [demonic ancestry]
  7651 | D:9      | Reached XP level 10. HP: 77/77 MP: 10/10
  8130 | D:9      | Found a staircase to the Lair.
  8162 | D:9      | Reached skill level 6 in Shields
  8180 | D:9      | Reached ***** piety under Trog
  8887 | D:10     | Entered Level 10 of the Dungeon
  8887 | D:10     | Found a staircase to the Orcish Mines.
  9014 | D:10     | Noticed a two-headed ogre
  9034 | D:10     | Killed a two-headed ogre
  9381 | D:10     | Noticed a two-headed ogre
  9395 | D:10     | Killed a two-headed ogre
  9395 | D:10     | Reached skill level 7 in Shields
  9600 | D:10     | Gained mutation: You have sharp toenails. [demonic ancestry]
  9600 | D:10     | Reached XP level 11. HP: 49/84 MP: 6/11
 10161 | D:10     | Noticed a wizard
 10170 | D:10     | Killed a wizard
 10304 | D:10     | Noticed a two-headed ogre
 10309 | D:10     | Killed a two-headed ogre
 10461 | D:10     | Noticed a two-headed ogre
 10468 | D:10     | Killed a two-headed ogre
 10468 | D:10     | Reached skill level 8 in Shields
 10675 | D:10     | Got a faintly humming chain mail
 10694 | D:10     | Identified the +8 chain mail of the Armadillo {Dex+2 Stlth+} (You took it off an orc priest on level 10 of the Dungeon)
 10883 | D:11     | Got a dazzling dagger
 10884 | D:11     | Identified the cursed +0 dagger of Gluttony {antimagic, rN+} (You found it on level 11 of the Dungeon)
 11007 | D:11     | Noticed a centaur warrior
 11014 | D:11     | Killed a centaur warrior
 11277 | D:11     | Reached ****** piety under Trog
 11383 | D:11     | Received a gift from Trog
 11743 | D:11     | Noticed an orc knight
 11750 | D:11     | Noticed a two-headed ogre
 11750 | D:11     | a torpor snail changed into a two-headed ogre
 11755 | D:11     | Killed a two-headed ogre
 11762 | D:11     | Killed an orc knight
 11762 | D:11     | Reached skill level 9 in Shields
 11969 | D:11     | Noticed a stone giant
 11983 | D:11     | Killed a stone giant
 11983 | D:11     | Reached XP level 12. HP: 92/92 MP: 12/12
 12165 | D:11     | Noticed a fire dragon
 12167 | D:11     | Noticed a spark wasp
 12167 | D:11     | a wolf spider changed into a spark wasp
 12168 | D:11     | Noticed a great orb of eyes
 12168 | D:11     | a spark wasp changed into a great orb of eyes
 12171 | D:11     | a great orb of eyes changed into a torpor snail
 12187 | D:11     | Killed a fire dragon
 12278 | D:11     | Noticed a two-headed ogre
 12288 | D:11     | Killed a two-headed ogre
 12928 | D:12     | Noticed Azrael
 12956 | D:12     | HP: 4/94 [Azrael/bolt of fire (16)]
 13321 | D:12     | Killed Azrael
 13464 | D:12     | Found a portal to a secret trove of treasure.
 13862 | D:12     | Reached skill level 10 in Shields
 14114 | D:11     | Received a gift from Trog
 14622 | Orc:1    | Entered Level 1 of the Orcish Mines
 14622 | Orc:1    | Noticed a two-headed ogre
 14632 | Orc:1    | Killed a two-headed ogre
 15118 | Orc:1    | Noticed an orc warlord
 15131 | Orc:1    | Killed an orc warlord
 15432 | Orc:1    | Reached XP level 13. HP: 101/101 MP: 3/13
 15517 | Orc:1    | You fall through a shaft!
 15517 | Orc:2    | Entered Level 2 of the Orcish Mines
 15517 | Orc:2    | Found Beylug's General Store.
 15545 | Orc:2    | Found Winyr's Book Emporium.
 15847 | Orc:2    | Found a frozen archway.
 15860 | Orc:2    | Received a gift from Trog
 15875 | IceCv    | Entered an ice cave
 16701 | IceCv    | Reached skill level 11 in Shields
 17469 | IceCv    | Noticed a frost giant
 17484 | IceCv    | Killed a frost giant
 17724 | Orc:2    | Received a gift from Trog
 17909 | Orc:2    | Found Daybus's Assorted Antiques.
 18650 | Orc:2    | Reached skill level 10 in Long Blades
 19044 | Orc:1    | Received a gift from Trog
 19296 | Orc:2    | Reached skill level 10 in Armour
 19592 | Orc:2    | Found a staircase to the Elven Halls.
 19683 | Orc:2    | Reached skill level 12 in Shields
 19706 | Orc:2    | Found Raded's Antique Armour Emporium.
 19713 | Orc:2    | Found Zainifawk's Antique Weapon Shoppe.
 19767 | Orc:2    | Bought a pair of boots for 76 gold pieces
 19868 | Orc:2    | Gained mutation: You may emit foul miasma when damaged in melee. [demonic ancestry]
 19868 | Orc:2    | Reached XP level 14. HP: 80/109 MP: 4/14
 19906 | Orc:2    | Bought a warped hat for 360 gold pieces
 19916 | Orc:2    | Identified the +0 hat of Askelovo {-Tele rCorr Dex+5} (You bought it in a shop on level 2 of the Orcish Mines)
 20990 | D:13     | Reached skill level 10 in Fighting
 21414 | D:13     | Found a runed door.
 21416 | D:13     | Got a faintly glowing great sword
 21418 | D:13     | Got a jewelled plate armour
 21466 | D:13     | Identified the +1 plate armour of the Many Princes {Int+3} (You found it on level 13 of the Dungeon)
 21484 | D:13     | Identified the +2 great sword "Awou" {slice, MP+9 Int-5 Dex+7 SInv} (You found it on level 13 of the Dungeon)
 21626 | D:13     | Received a gift from Trog
 21974 | Lair:1   | Entered Level 1 of the Lair of Beasts
 22571 | Lair:2   | Gained mutation: Your mind is acute. (Int +2) [potion of mutation]
 22571 | Lair:2   | Gained mutation: Your spells are a little harder to cast, but a little more powerful. [potion of mutation]
 22572 | Lair:2   | Lost mutation: Your spells are a little harder to cast, but a little more powerful. [potion of mutation]
 22572 | Lair:2   | Lost mutation: Your mind is acute. (Int +2) [potion of mutation]
 22572 | Lair:2   | Gained mutation: You have a beak for a mouth. [potion of mutation]
 22572 | Lair:2   | Gained mutation: Scrolls take you a little longer to read. [potion of mutation]
 22572 | Lair:2   | Gained mutation: You possess an exceptional clarity of mind. [potion of mutation]
 22573 | Lair:2   | Lost mutation: Scrolls take you a little longer to read. [potion of mutation]
 22573 | Lair:2   | Lost mutation: You possess an exceptional clarity of mind. [potion of mutation]
 22573 | Lair:2   | Lost mutation: You have a beak for a mouth. [potion of mutation]
 22573 | Lair:2   | Gained mutation: You expend magic power (3 MP) to strengthen your wands. [potion of mutation]
 22573 | Lair:2   | Gained mutation: You have razor-sharp toenails. [potion of mutation]
 22573 | Lair:2   | Gained mutation: You are resistant to hostile enchantments. (MR+) [potion of mutation]
 22574 | Lair:2   | Lost mutation: You expend magic power (3 MP) to strengthen your wands. [potion of mutation]
 22574 | Lair:2   | Lost mutation: You have razor-sharp toenails. [potion of mutation]
 22574 | Lair:2   | Gained mutation: You are frail. (-10% HP) [potion of mutation]
 22574 | Lair:2   | Gained mutation: Your spells are a little easier to cast, but a little less powerful. [potion of mutation]
 22574 | Lair:2   | Lost mutation: Your spells are a little easier to cast, but a little less powerful. [potion of mutation]
 22574 | Lair:2   | Gained mutation: You are highly resistant to hostile enchantments. (MR++) [potion of mutation]
 23634 | Lair:2   | Got a warped dagger
 23635 | Lair:2   | Identified the +3 dagger of Midnight {freeze, rPois rN+ Str-4} (You found it on level 2 of the Lair of Beasts)
 23721 | Lair:2   | Found a staircase to the Swamp.
 23743 | Lair:2   | HP: 1/99 [swamp worm (16)]
 24319 | Lair:3   | Found a staircase to the Snake Pit.
 24789 | Lair:3   | Got a brightly glowing halberd
 24795 | Lair:3   | Identified the cursed +3 halberd of Heycuck {flame, *Drain rN+ MR+ Dex+4} (You found it on level 3 of the Lair of Beasts)
 25343 | Lair:3   | Received a gift from Trog
 26757 | Lair:4   | Identified a scroll of acquirement
 26760 | Lair:4   | Got a bound granite ring
 26765 | Lair:4   | Identified the ring of Nusan {rF+ Str+8 Int-3 Dex+6} (You acquired it on level 4 of the Lair of Beasts)
 26926 | Lair:4   | Got a heavily runed scale mail
 26937 | Lair:4   | Identified the +7 scale mail of Weightlessness {rElec rC+ Regen+} (You found it on level 4 of the Lair of Beasts)
 27771 | Lair:5   | Reached skill level 10 in Dodging
 28122 | Lair:5   | Found a staircase to the Slime Pits.
 28265 | Lair:5   | Reached skill level 13 in Shields
 28729 | Lair:6   | Entered Level 6 of the Lair of Beasts
 28776 | Lair:6   | Gained mutation: You frequently emit foul miasma when damaged in melee. [demonic ancestry]
 28776 | Lair:6   | Reached XP level 15. HP: 105/105 MP: 15/15
 29017 | Lair:6   | Got a brightly glowing leather armour
 29030 | Lair:6   | Identified the +1 leather armour of the Valley {rF+ rN+} (You found it on level 6 of the Lair of Beasts)
 29468 | Lair:6   | Paralysed by a hornet for 2 turns
 29507 | Lair:6   | Received a gift from Trog
 30190 | Lair:6   | Got a pitted chain mail
 30201 | Lair:6   | Identified the cursed +0 chain mail of Tulips {*Contam rF+ MR+ Dex+7} (You found it on level 6 of the Lair of Beasts)
 30994 | D:13     | Received a gift from Trog
 31103 | D:13     | Got a pitted glass ring
 31105 | D:13     | Identified the ring "Hijozam" {rC+++ MR+ MP+9 Str-2 SInv} (You acquired it on level 13 of the Dungeon)
 31841 | D:14     | Found a gate to the Vaults.
 32040 | D:14     | Found a flagged portal.
 32047 | Bailey   | Entered a bailey
 32573 | D:14     | Received a gift from Trog
 32775 | D:14     | Reached skill level 14 in Shields
 32876 | D:15     | Entered Level 15 of the Dungeon
 33417 | D:15     | Gained mutation: You have razor-sharp toenails. [demonic ancestry]
 33417 | D:15     | Reached XP level 16. HP: 113/113 MP: 16/16
 33418 | D:15     | Reached XP level 17. HP: 119/119 MP: 17/17
 33657 | D:15     | Found Ifessah's General Store.
 33663 | D:15     | Noticed Haldmier's ghost (adept NaTm)
 33782 | D:15     | Killed Haldmier's ghost
 33896 | D:15     | Found a staircase to the Depths.
 34057 | D:15     | Noticed othur's ghost (journeyman GrBe)
 34062 | D:15     | Killed othur's ghost
 34775 | Orc:2    | Bought a pair of glowing boots for 127 gold pieces
 34967 | Swamp:1  | Entered Level 1 of the Swamp
 34978 | Swamp:1  | Paralysed by a hornet for 1 turns
 35009 | Swamp:1  | Paralysed by a hornet for 1 turns
 35125 | Swamp:1  | Received a gift from Trog
 35304 | Swamp:1  | Got a sheer robe
 35315 | Swamp:1  | Identified the cursed +0 robe of Tender Moments {MR+ Regen+ Dex-5 SInv} (You found it on level 1 of the Swamp)
 36458 | Swamp:2  | Noticed Louise
 36477 | Swamp:2  | Killed Louise
 36477 | Swamp:2  | Reached skill level 15 in Shields
 37206 | Swamp:2  | Got a warped leather armour
 37224 | Swamp:2  | Identified the +1 leather armour of Okawaru's Esteem {rPois MR+} (You found it on level 2 of the Swamp)
 37485 | Swamp:2  | Received a gift from Trog
 37729 | Swamp:3  | Received a gift from Trog
 38688 | Swamp:4  | Entered Level 4 of the Swamp
 38913 | Swamp:4  | Noticed a tentacled monstrosity
 38931 | Swamp:4  | Killed a tentacled monstrosity
 39017 | Swamp:4  | Reached skill level 5 in Stealth
 39337 | Swamp:4  | Reached XP level 18. HP: 83/128 MP: 18/18
 39617 | Swamp:4  | Received a gift from Trog
 39974 | Swamp:4  | Noticed the 27-headed Lernaean hydra
 40604 | Swamp:4  | Got a decaying rune of Zot
 40679 | Swamp:4  | Killed the 21-headed Lernaean hydra
 40753 | Swamp:1  | Reached skill level 16 in Shields
 41046 | D:15     | Bought a potion of curing for 36 gold pieces
 41046 | D:15     | Bought a potion of curing for 36 gold pieces
 41046 | D:15     | Bought a potion of curing for 36 gold pieces
 41369 | Snake:1  | Entered Level 1 of the Snake Pit
 42877 | Snake:1  | Received a gift from Trog
 44540 | Snake:3  | Noticed Agnes
 44551 | Snake:3  | Killed Agnes
 44785 | Snake:3  | Gained mutation: A demonic guardian rushes to your aid. [demonic ancestry]
 44785 | Snake:3  | Reached XP level 19. HP: 80/135 MP: 19/19
 44860 | Snake:3  | Noticed Bai Suzhen
 44863 | Snake:3  | Noticed Vashnia
 44895 | Snake:3  | Killed Bai Suzhen
 45051 | Snake:3  | Killed Vashnia
 45104 | Snake:3  | Reached skill level 17 in Shields
 45697 | Snake:4  | Entered Level 4 of the Snake Pit
 46435 | Snake:4  | Received a gift from Trog
 47597 | Snake:4  | Received a gift from Trog
 48299 | Snake:4  | Got a serpentine rune of Zot
 48651 | Slime:1  | Entered Level 1 of the Pits of Slime
 48821 | Slime:1  | Gained mutation: Armour fits poorly on your strangely shaped body. [a shining eye]
 48876 | Lair:5   | Lost mutation: Armour fits poorly on your strangely shaped body. [potion of mutation]
 48876 | Lair:5   | Lost mutation: You are highly resistant to hostile enchantments. (MR++) [potion of mutation]
 48876 | Lair:5   | Lost mutation: You are frail. (-10% HP) [potion of mutation]
 48876 | Lair:5   | Gained mutation: You are dopey. (Int -2) [potion of mutation]
 48876 | Lair:5   | Gained mutation: You expend magic power (3 MP) to strengthen your wands. [potion of mutation]
 48876 | Lair:5   | Gained mutation: You have an increased reservoir of magic. (+10% MP) [potion of mutation]
 49137 | Vaults:1 | Entered Level 1 of the Vaults
 49180 | Vaults:1 | Reached skill level 18 in Shields
 49294 | Vaults:1 | Gained mutation: You are robust. (+10% HP) [demonic ancestry]
 49294 | Vaults:1 | Reached XP level 20. HP: 153/176 MP: 22/22
 49437 | Vaults:1 | Received a gift from Trog
 50174 | Vaults:1 | Reached skill level 15 in Fighting
 50480 | Vaults:1 | Noticed Donald
 50494 | Vaults:1 | Killed Donald
 50820 | Vaults:1 | Received a gift from Trog
 51138 | Vaults:2 | Received a gift from Trog
 52694 | Vaults:3 | Received a gift from Trog
 52704 | Vaults:3 | Reached skill level 19 in Shields
 53089 | Vaults:3 | Found a staircase to the Crypt.
 53920 | Vaults:3 | Reached XP level 21. HP: 185/185 MP: 23/23
 54011 | Vaults:3 | Received a gift from Trog
 55032 | Vaults:4 | Received a gift from Trog
 55168 | Vaults:4 | Found a magical portal.
 55177 | WizLab   | Entered Zonguldrok's Shrine
 55501 | WizLab   | Received a gift from Trog
 55619 | WizLab   | Noticed an antique lich
 55635 | WizLab   | Killed an antique lich
 55918 | Vaults:4 | Found Ishrowuh's Antique Weapon Boutique.
 56126 | Vaults:4 | Reached skill level 20 in Shields
 56283 | Vaults:4 | Received a gift from Trog
 56707 | Vaults:4 | Found a hazy altar of Hepliaklqana.
 57091 | Vaults:4 | Got a polished rapier
 57110 | Vaults:4 | Identified the +1 rapier of the Warrior-Mage {freeze, rElec rC+} (You found it on level 4 of the Vaults)
 57146 | Vaults:5 | Entered Level 5 of the Vaults
 57459 | Vaults:4 | Received a gift from Trog
 57518 | Vaults:5 | Noticed Jorgrun
 57618 | Vaults:5 | Gained mutation: You have claws for feet. [demonic ancestry]
 57618 | Vaults:5 | Reached XP level 22. HP: 52/196 MP: 24/24
 57644 | Vaults:5 | Reached skill level 15 in Long Blades
 57651 | Vaults:5 | Noticed Mennas
 57675 | Vaults:5 | Noticed Saint Roka
 57705 | Vaults:5 | HP: 6/196 [Mennas/sacred scourge of holy wrath (22)]
 57706 | Vaults:5 | Slain by Mennas

Skill      XL: |  1  2  3  4  5  6  7  8  9 10 11 12 13 14 15 16 17 18 19 20 21 22 |
---------------+-------------------------------------------------------------------+-----
Dodging        | 2 3 4 5 6 7 8 9 10 11 12 13 14 | 14.1
Long Blades    | 3 5 6 8 9 10 11 12 13 14 15 | 15.0
Armour         | 2 3 4 5 6 7 8 9 10 11 12 13 14 | 14.4
Fighting       | 4 5 6 7 8 9 10 11 13 14 15 16 | 16.3
Short Blades   | 1 2 3 |  3.6
Shields        | 1 4 5 7 9 10 12 13 14 15 16 18 19 20 | 20.3
Stealth        | 1 2 3 4 5 6 |  6.5

Action                   |  1- 3 |  4- 6 |  7- 9 | 10-12 | 13-15 | 16-18 | 19-21 | 22-24 || total
-------------------------+-------+-------+-------+-------+-------+-------+-------+-------++-------
Melee: Falchion          |   144 |    14 |       |       |       |       |       |       ||   158
       Dagger            |       |   153 |   204 |       |       |   165 |       |       ||   522
       Scimitar          |       |       |   104 |   280 |   214 |   688 |       |       ||  1286
       Long sword        |       |       |       |   478 |  1848 |   949 |  2222 |       ||  5497
       Kick              |       |       |       |   256 |   291 |       |       |    15 ||   562
       Double sword      |       |       |       |       |       |       |   346 |    39 ||   385
Invok: Berserk           |     2 |     3 |    12 |    23 |    31 |     9 |     1 |     1 ||    82
       Burn Spellbooks   |       |       |       |     2 |     7 |     3 |     6 |       ||    18
       Brothers in Arms  |       |       |       |       |     5 |     4 |     4 |       ||    13
       Trog's Hand       |       |       |       |       |       |     1 |       |       ||     1
 Abil: Evoke Flight      |       |       |       |       |     2 |       |       |       ||     2
Evoke: Wand              |       |       |       |       |       |       |     1 |       ||     1
  Use: Scroll            |       |       |    17 |    11 |    33 |     8 |    16 |     2 ||    87
       Potion            |       |       |       |       |     6 |     9 |     1 |     5 ||    21
 Stab: Distracted        |       |       |     1 |     6 |    20 |    19 |    25 |       ||    71
       Sleeping          |       |       |     4 |     5 |     2 |     1 |     5 |       ||    17
  Eat: Chunk             |     3 |    11 |    17 |    32 |    67 |    22 |    17 |       ||   169
       Meat ration       |       |       |     1 |     4 |     4 |     5 |     3 |       ||    17
       Royal jelly       |       |       |       |       |     4 |     3 |     6 |       ||    13
Armor: Animal skin       |    48 |       |       |       |       |       |       |       ||    48
       Ring mail         |    18 |    62 |    51 |       |       |       |       |       ||   131
       Leather armour    |       |       |    19 |    52 |       |       |       |       ||    71
       Chain mail        |       |       |       |   180 |   450 |       |       |       ||   630
       Scale mail        |       |       |       |       |   204 |   451 |   502 |    25 ||  1182
Dodge: Dodged            |   116 |   120 |    74 |   157 |   881 |   955 |  1122 |    38 ||  3463
Block: Large shield      |       |       |   195 |   731 |   734 |       |       |       ||  1660
       Shield            |       |       |       |       |  1120 |  1466 |  2231 |    65 ||  4882
       Reflection        |       |       |       |       |    46 |    77 |   255 |       ||   378
       Rpst.: Falchion   |    30 |     3 |       |       |       |       |       |       ||    33
       Scimitar          |       |       |    12 |    33 |    26 |    85 |       |       ||   156
       Long sword        |       |       |       |    21 |   186 |    84 |   149 |       ||   440
       Double sword      |       |       |       |       |       |       |    37 |     7 ||    44
